AoeStats
← adnanca

Oasis

510162077Analyzed
3v3 RM · 3d ago on Sep 29, 2026· 20m 49s· 6 players
Game mode
Random Map
Map size
Normal (6 player)
Population
200
Speed
Normal
Resources
Standard
Victory
Conquest
Starting age
Dark Age
Ending age
Imperial Age
RankedLock teamsTeams togetherTeam positionsShared explorationLock speedFull tech treeHidden civsTurbo modeCheats
Victory
Defeat
🇺🇸 Danes · United States
1223
+8
🇹🇷 Burgundians · Türkiye
1146
+11
🇹🇷 Chinese · Türkiye
746
+25
🇭🇺 Romans · Hungary
1028
-15
🇭🇺 Mongols · Hungary
1012
-15
🇭🇺 Armenians · Hungary
1004
-14
Petinho
7:57 Loom
9:42 Feudal Age
10:56 Town Watch
10:57 Double-Bit Axe
13:52 Gold Mining
17:36 Castle Age
15:56 Stone Mining
V1gyen
2:30 Loom
10:28 Feudal Age
11:03 Double-Bit Axe
12:18 Gold Mining
14:18 Man-at-Arms
15:52 Scale Mail Armor
16:22 Horse Collar
17:13 Forging
18:46 Town Watch
Katja
1:58 Loom
14:46 Feudal Age
16:03 Man-at-Arms
17:01 Long Swordsman
Jagdpanzer
13:35 Feudal Age
14:06 Double-Bit Axe
13:46 Man-at-Arms
14:14 Arson
17:12 Scale Mail Armor
17:24 Forging
18:40 Fletching
18:51 Padded Archer Armor
amityy
6:42 Loom
9:23 Feudal Age
10:06 Man-at-Arms
12:45 Double-Bit Axe
13:23 Horse Collar
14:13 Forging
14:12 Arson
19:25 Castle Age
19:06 Scale Mail Armor
19:41 Long Swordsman
21:14 Gambesons
adnanca
5:52 Loom
8:17 Double-Bit Axe
11:19 Feudal Age
10:02 Horse Collar
11:15 Horse Collar
15:23 Bow Saw
18:40 Castle Age
16:37 Gold Mining
17:13 Heavy Plow
18:36 Scale Barding Armor
19:22 Gold Shaft Mining
Connection lost

Rejoining the realm…

Still unreachable

The connection could not be restored.

Session expired

The server has moved on; the page needs a fresh start.